General information
- name: BNet
- type: Ladder team game (AT/RT)
- host: Battle.net
- saver: TIMG4STRok
map: PhantomGrove
- players: 4
- length: 12:07
- speed: Fast
- version: 1.21 W3XP
- replay type:

» download(75 KB)
Players
team 1 (winner)

»
iggy_the_fisk (
pink | 129 APM | 1560 actions | 12:06)
3 Archmage
2 Summon Water Elemental
1 Brilliance Aura
» actions
| Assign group hotkey | 188 | |
| Basic commands | 8 | |
| Build / train | 61 | |
| Enter build submenu | 15 | |
| Enter hero's abilities submenu | 4 | |
| Remove unit from queue | 1 | |
| Right click | 887 | |
| Select / deselect | 245 | |
| Select group hotkey | 50 | |
| Use ability | 101 | |
1560 total
» units
» buildings
| Altar of Kings | 1 | |
| Barracks | 1 | |
| Farm | 3 | |
| Arcane Vault | 2 | |
| Scout Tower | 4 | |
| Arcane Tower | 1 | |
| Lumber Mill | 1 | |
| Guard Tower | 2 | |
| Keep | 1 | |
16 total
» build order
00:04 Altar of Kings
00:18 Barracks
00:25 Farm
00:49 Farm
01:29 Farm
02:12 Arcane Vault
02:59 Scout Tower
03:14 Arcane Tower
06:12 Lumber Mill
07:29 Arcane Vault
08:08 Scout Tower
08:28 Guard Tower
08:29 Guard Tower
08:39 Keep
10:56 Scout Tower
11:56 Scout Tower

»
TIMG4STRok (
teal | 166 APM | 2010 actions | 12:07)
5 Demon Hunter
3 Mana Burn
2 Evasion
» actions
| Assign group hotkey | 23 | |
| Basic commands | 61 | |
| Build / train | 37 | |
| ESC pressed | 1 | |
| Enter build submenu | 15 | |
| Enter hero's abilities submenu | 5 | |
| Right click | 1069 | |
| Select / deselect | 160 | |
| Select group hotkey | 586 | |
| Use ability | 53 | |
2010 total
» units
» upgrades
» buildings
| Altar of Elders | 1 | |
| Moon Well | 5 | |
| Hunter's Hall | 1 | |
| Ancient of War | 2 | |
| Tree of Ages | 3 | |
| Ancient of Lore | 2 | |
| Tree of Eternity | 1 | |
| Ancient of Wind | 1 | |
| Chimaera Roost | 2 | |
18 total
» build order
00:03 Altar of Elders
00:19 Moon Well
01:27 Hunter's Hall
01:43 Ancient of War
02:00 Moon Well
02:57 Tree of Ages
02:57 Tree of Ages
04:04 Ancient of War
04:16 Moon Well
05:24 Ancient of Lore
05:25 Ancient of Lore
07:16 Moon Well
09:02 Tree of Eternity
09:44 Ancient of Wind
11:29 Chimaera Roost
11:30 Chimaera Roost
11:32 Moon Well
» items
team 2 (loser)
smittythemaster (
red | 60 APM | 723 actions | 12:05)
2 Goblin Tinker
1 Pocket Factory
1 Engineering Upgrade
» actions
| Assign group hotkey | 4 | |
| Basic commands | 11 | |
| Build / train | 19 | |
| Enter build submenu | 4 | |
| Enter hero's abilities submenu | 2 | |
| Right click | 539 | |
| Select / deselect | 112 | |
| Select group hotkey | 1 | |
| Use ability | 31 | |
723 total
» units
» buildings
| Moon Well | 1 | |
| Altar of Elders | 1 | |
| Ancient of Wonders | 1 | |
3 total
» build order
00:25 Moon Well
00:29 Altar of Elders
02:40 Ancient of Wonders
» items
| Scroll of Regeneration | 3 | |
| Lesser Clarity Potion | 4 | |
7 total
Yup.Yup (
blue | 69 APM | 830 actions | 12:03)
3 Goblin Tinker
2 Pocket Factory
1 Engineering Upgrade
» actions
| Basic commands | 134 | |
| Build / train | 53 | |
| ESC pressed | 2 | |
| Enter build submenu | 24 | |
| Enter hero's abilities submenu | 3 | |
| Right click | 315 | |
| Select / deselect | 256 | |
| Use ability | 43 | |
830 total
» units
» upgrades
» buildings
| Farm | 8 | |
| Barracks | 3 | |
| Altar of Kings | 1 | |
| Arcane Vault | 1 | |
| Scout Tower | 8 | |
| Arcane Tower | 1 | |
| Lumber Mill | 1 | |
| Guard Tower | 3 | |
| Keep | 2 | |
28 total
» build order
00:19 Farm
00:51 Farm
00:57 Barracks
00:59 Barracks
01:05 Barracks
01:23 Altar of Kings
01:46 Arcane Vault
01:53 Farm
01:59 Farm
02:08 Scout Tower
02:37 Arcane Tower
03:23 Scout Tower
03:24 Scout Tower
03:27 Lumber Mill
03:36 Farm
03:38 Farm
03:39 Farm
04:37 Farm
05:15 Scout Tower
07:41 Scout Tower
08:19 Guard Tower
09:20 Scout Tower
09:21 Scout Tower
09:22 Scout Tower
10:50 Guard Tower
10:53 Keep
10:53 Keep
» items
| Scroll of Regeneration | 2 | |
| Lesser Clarity Potion | 2 | |
4 total
Chat log
(00:11 / All) TIMG4STRok: gl hf
(11:21 / All) Yup.Yup: gg to teal
(11:24 / All) TIMG4STRok: gg